Map: Orbital Shipyard

Players

DomaineStkem

  • Race: Zerg Zerg

TaylorJay - Winner!

  • Race: Protoss Protoss
  • League: Gold

VOD

Have the link to the VOD?

Description

Lots of pushes and fights, 22 mins, good tech, base race ending

Time

  • Played on: Jan. 30, 2016, 10:44 a.m.
  • Length: 21:18
Show
View Real Time Build Order
Export as new Build Order

DomaineStkem Zerg 

Build Orders: Hatch First, Lurkers 

Get SALT Encoding   

  12  0:01  Drone  
  13  0:08  Drone  
  14  0:19  Overlord  
  14  0:41  Drone x3  
  17  0:54  Hatchery  
  16  1:09  Drone x2  
  18  1:14  Spawning Pool  
  18  1:18  Extractor  
  16  1:19  Drone  
  17  1:27  Drone  
  18  1:37  Overlord  
  18  1:57  Drone x2  
  20  2:05  Queen  
  20  2:06  Queen  
  20  2:08  Zergling x4  
  26  2:17  Drone  
  26  2:21  Metabolic Boost  
  27  2:25  Drone  
  28  2:35  Drone x2  
  30  2:40  Queen  
  30  2:42  Extractor  
  31  2:50  Drone  
  32  2:52  Roach Warren  
  32  2:55  Overlord  
  32  2:58  Drone  
  32  3:02  Drone x2  
  34  3:07  Drone  
  35  3:18  Drone x3  
  38  3:34  Roach x2  
  38  3:35  Roach  
  38  3:36  Overlord  
  38  3:37  Overlord  
  44  3:49  Overlord  
  44  3:58  Drone x2  
  44  3:59  Drone  
  47  4:04  Roach  
  47  4:06  Hatchery  
  48  4:11  Drone x4  
  52  4:19  Drone  
  52  4:20  Drone x3  
  56  4:25  Roach  
  56  4:26  Roach  
  60  4:33  Ravager x2  
  60  4:34  Ravager  
  60  4:35  Roach  
  60  4:36  Roach  
  67  4:39  Drone  
  68  4:48  Extractor x2  
  66  4:55  Lair  
  59  5:40  Roach x4  
  59  5:41  Roach x2  
  71  5:54  Drone x3  
  71  5:56  Overlord  
  71  5:57  Overlord x2  
  74  6:18  Zergling x8  
  78  6:23  Roach  
  78  6:24  Roach  
  75  6:33  Drone x2  
  75  6:35  Glial Reconstitution  
  77  6:40  Evolution Chamber  
  77  6:42  Drone x5  
  77  6:43  Evolution Chamber  
  80  6:58  Drone x8  
  88  7:01  Queen  
  90  7:11  Ravager x4  
  90  7:12  Ravager x4  
  98  7:18  Overlord x3  
  98  7:19  Overlord x7  
  98  7:23  Extractor  
  98  7:26  Extractor  
  98  7:28  Roach  
  98  7:31  Zerg Missile Weapons Level 1  
  98  7:32  Zerg Ground Armor Level 1  
  98  7:43  Hatchery  
  68  8:22  Drone x9  
  68  8:23  Drone  
  72  8:33  Hydralisk Den  
  71  8:39  Drone x7  
  71  8:40  Drone x2  
  80  8:49  Zergling x2  
  80  8:50  Zergling x10  
  86  9:02  Baneling Nest, Lurker Den  
  85  9:08  Roach x7  
  85  9:09  Roach x7  
  113  9:15  Overseer x3  
  113  9:17  Drone x3  
  116  9:25  Roach  
  118  9:37  Hydralisk x2  
  118  9:38  Hydralisk x5  
  122  9:44  Spine Crawler  
  128  9:46  Spore Crawler  
  128  9:51  Spine Crawler  
  126  9:52  Spore Crawler  
  126  9:55  Spine Crawler  
  126  9:56  Spore Crawler  
  126  9:59  Roach x6  
  134  10:21  Overlord  
  134  10:28  Infestation Pit  
  127  10:29  Pneumatized Carapace  
  127  10:39  Lurker x6  
  127  10:40  Zerg Missile Weapons Level 2, Zerg Ground Armor Level 2  
  133  10:46  Hatchery  
  132  10:50  Muscular Augments  
  132  10:59  Roach x5  
  132  11:00  Zergling x12  
  132  11:01  Zergling x16  
  132  11:02  Queen x2  
  160  11:21  Centrifical Hooks  
  160  11:25  Hive  
  160  11:29  Roach  
  160  11:30  Roach x9  
  180  11:33  Overlord x2  
  180  12:13  Spine Crawler  
  178  12:16  Spine Crawler  
  178  12:20  Spore Crawler  
  168  12:37  Hatchery  
  163  12:48  Spore Crawler  
  162  12:57  Zergling x24  
  174  13:04  Zerg Ground Armor Level 3, Zerg Missile Weapons Level 3  
  174  13:06  Ultralisk Cavern  
  173  13:15  Baneling x5  
  173  13:16  Baneling x4  
  147  13:33  Roach  
  128  13:34  Roach x8  
  128  13:39  Roach  
  128  13:40  Roach x5  
  118  14:04  Zergling x2  
  118  14:05  Zergling x10  
  102  14:17  Drone x2  
  102  14:18  Drone x6  
  110  14:40  Ultralisk x4  
  110  14:44  Chitinous Plating  
  132  15:08  Zergling x2, Roach  
  132  15:09  Zergling x18  
  144  15:29  Zergling x2  
  144  15:38  Hatchery  
  144  15:42  Roach  
  149  15:43  Hydralisk x5, Hatchery, Roach x2  
  158  15:57  Baneling x5  
  158  15:58  Baneling x6  
  158  16:00  Roach x2  
  158  16:01  Roach x5  
  172  16:29  Ultralisk x2  
  172  16:30  Ultralisk  
  190  16:35  Zergling x2  
  190  16:36  Zergling x12  
  154  17:17  Hydralisk  
  154  17:18  Ultralisk  
  154  17:19  Ultralisk  
  127  17:45  Roach x6  
  139  17:51  Hatchery  
  138  18:13  Hatchery  
  138  18:18  Overseer  
  138  18:19  Overseer  
  105  18:54  Spine Crawler  
  105  18:55  Spine Crawler x2  
  88  19:29  Drone  
  87  19:53  Spawning Pool  
Show
View Real Time Build Order
Export as new Build Order

TaylorJay Protoss - Winner!

Build Orders: Double Forge, Nexus First 

Get SALT Encoding   

  12  0:00  Probe (Chrono Boost)  
  13  0:11  Probe (Chrono Boost)  
  14  0:20  Pylon  
  14  0:24  Probe (Chrono Boost)  
  15  0:39  Probe (Chrono Boost)  
  16  0:49  Probe (Chrono Boost)  
  17  1:00  Probe (Chrono Boost)  
  17  1:02  Nexus  
  18  1:17  Probe (Chrono Boost), Gateway  
  19  1:27  Probe (Chrono Boost)  
  19  1:29  Assimilator  
  19  1:32  Assimilator  
  20  1:38  Probe (Chrono Boost)  
  21  1:48  Probe (Chrono Boost)  
  22  1:59  Probe (Chrono Boost)  
  23  2:14  Probe (Chrono Boost)  
  25  2:15  Probe (Chrono Boost), Cybernetics Core  
  25  2:21  Zealot  
  27  2:25  Probe (Chrono Boost)  
  27  2:26  Probe (Chrono Boost)  
  29  2:30  Pylon  
  29  2:35  Probe (Chrono Boost)  
  29  2:36  Probe (Chrono Boost)  
  31  2:46  Probe (Chrono Boost)  
  31  2:47  Probe (Chrono Boost)  
  33  2:53  Adept, Warp Gate  
  33  2:56  Probe (Chrono Boost)  
  33  2:57  Probe (Chrono Boost)  
  33  2:58  Pylon  
  37  3:07  Probe (Chrono Boost)  
  37  3:08  Mothership Core (Chrono Boost)  
  40  3:17  Probe (Chrono Boost)  
  41  3:20  Gateway  
  41  3:27  Probe (Chrono Boost)  
  42  3:28  Probe (Chrono Boost)  
  43  3:34  Adept  
  43  3:40  Pylon  
  45  3:41  Probe x2 (Chrono Boost)  
  47  3:57  Forge  
  47  4:01  Adept  
  49  4:03  Forge  
  49  4:14  Nexus  
  49  4:15  Pylon  
  49  4:17  Pylon  
  49  4:23  Probe x2 (Chrono Boost)  
  51  4:26  Assimilator  
  51  4:30  Assimilator  
  51  4:34  Gateway  
  51  4:35  Twilight Council, Protoss Ground Weapons Level 1  
  51  4:36  Protoss Ground Armor Level 1  
  51  4:42  Probe (Chrono Boost)  
  52  4:48  Probe (Chrono Boost)  
  52  4:52  Probe (Chrono Boost)  
  54  4:58  Probe (Chrono Boost)  
  55  5:03  Probe (Chrono Boost)  
  55  5:04  Gateway  
  55  5:08  Gateway  
  53  5:15  Sentry  
  53  5:16  Stalker  
  57  5:27  Mothership Core (Chrono Boost)  
  57  5:28  Probe x2 (Chrono Boost)  
  57  5:38  Probe (Chrono Boost)  
  57  5:39  Gateway  
  58  5:45  Stalker x2  
  56  6:12  Pylon  
  56  6:15  Pylon  
  56  6:16  Stalker x2  
  56  6:17  Stalker  
  64  6:33  Probe x2 (Chrono Boost)  
  64  6:34  Probe (Chrono Boost)  
  65  6:43  Probe (Chrono Boost)  
  65  6:46  Cybernetics Core  
  66  6:47  Protoss Ground Weapons Level 2  
  66  6:48  Protoss Ground Armor Level 2  
  66  6:51  Zealot x3  
  72  6:55  Probe x3 (Chrono Boost)  
  75  7:06  Probe x2 (Chrono Boost)  
  77  7:16  Probe (Chrono Boost)  
  77  7:18  Charge  
  78  7:23  Templar Archives  
  78  7:24  Dark Shrine  
  78  7:25  Probe x2 (Chrono Boost)  
  78  7:26  Stalker  
  78  7:27  Pylon  
  78  7:29  Probe (Chrono Boost)  
  83  7:31  Stalker  
  83  7:32  Stalker x3  
  83  7:35  Probe (Chrono Boost)  
  92  7:42  Pylon  
  92  7:45  Zealot  
  92  7:48  Gateway  
  94  7:54  Robotics Facility  
  94  7:57  Pylon  
  94  8:02  Pylon  
  92  8:07  Zealot x2  
  92  8:08  Zealot x3  
  94  8:14  Stalker  
  94  8:25  Probe x2 (Chrono Boost)  
  96  8:27  Assimilator  
  96  8:33  Probe (Chrono Boost), Assimilator  
  97  8:38  Gateway  
  97  8:39  Dark Templar x4  
  105  8:45  Photon Cannon  
  105  8:47  Photon Cannon  
  105  8:50  Zealot x2  
  105  8:54  Immortal (Chrono Boost)  
  112  9:25  Zealot x3  
  112  9:26  Zealot x3  
  124  9:33  Pylon  
  124  9:35  Pylon  
  124  9:39  Pylon  
  124  9:42  Pylon  
  124  9:52  Zealot, Immortal (Chrono Boost)  
  130  9:53  Zealot x5  
  130  9:58  Sentry  
  142  10:06  Probe  
  143  10:14  Gateway  
  143  10:17  Gateway  
  143  10:19  Protoss Ground Weapons Level 3  
  143  10:20  Gateway  
  143  10:21  Protoss Ground Armor Level 3  
  143  10:22  Gateway  
  143  10:24  Gateway  
  143  10:25  Warp Prism (Chrono Boost)  
  143  10:27  Robotics Facility  
  141  10:33  Zealot  
  141  10:34  Zealot x2  
  141  10:35  Zealot x5  
  155  10:54  Pylon  
  156  10:57  Observer (Chrono Boost)  
  156  11:00  Pylon  
  156  11:17  Immortal (Chrono Boost)  
  164  11:20  High Templar  
  164  11:21  High Templar x3, Immortal (Chrono Boost)  
  172  11:31  Archon x2  
  172  11:36  Pylon  
  172  11:37  Nexus  
  172  11:40  Pylon  
  172  11:42  Pylon  
  172  11:43  Pylon  
  172  11:47  Pylon  
  172  11:52  Pylon  
  172  11:57  Pylon  
  172  12:02  Dark Templar x3  
  172  12:03  Dark Templar  
  172  12:07  Adept x2  
  172  12:08  Adept  
  186  12:16  Zealot  
  186  12:17  Zealot x5  
  184  12:43  Nexus  
  184  12:46  Pylon  
  184  12:47  Zealot x3  
  184  12:49  High Templar x5  
  200  12:53  Archon  
  200  12:54  Archon  
  108  13:35  Zealot x2  
  108  13:36  Zealot x7  
  108  13:37  Zealot x3  
  107  13:55  Zealot  
  99  13:56  Zealot x6  
  99  13:57  Zealot x6  
  109  14:19  High Templar  
  109  14:20  High Templar x7  
  109  14:21  High Templar x3  
  109  14:24  Observer (Chrono Boost)  
  133  14:26  Observer (Chrono Boost)  
  133  14:30  Archon x2  
  133  14:31  Archon x3  
  133  14:43  Immortal (Chrono Boost)  
  138  14:46  Dark Templar x2  
  138  14:48  Observer (Chrono Boost)  
  142  14:58  Zealot  
  142  14:59  Zealot x6  
  154  15:00  Probe, Zealot x2  
  154  15:01  Probe  
  162  15:12  Immortal (Chrono Boost)  
  160  15:17  Immortal (Chrono Boost)  
  164  15:26  Assimilator  
  164  15:31  Zealot x3  
  164  15:32  Zealot  
  164  15:34  Assimilator  
  170  15:42  Dark Templar  
  176  15:51  Immortal (Chrono Boost)  
  176  16:03  Nexus, Zealot x4  
  176  16:04  Zealot x3  
  186  16:08  Pylon  
  186  16:10  Pylon  
  190  16:40  Zealot x5  
  88  17:30  Dark Templar x4  
  88  17:31  Dark Templar x5  
  92  17:56  Dark Templar x3  
  92  17:57  Dark Templar  
  94  18:13  Dark Templar x3  
  94  18:14  Dark Templar x2  
  68  18:42  Dark Templar x2  
  41  19:25  Nexus  
  41  19:26  Pylon  
  41  19:30  Pylon  
  37  19:44  Dark Templar  
  37  19:45  Zealot x5  
  45  20:12  Zealot  
  45  20:13  Zealot  
Tags
 
Add a new tag
Caveats
  • Supply blocks, unpowered buildings, or Contaminate may cause inaccurate times.
  • Supply counts are checked every 10 seconds.